Cogmind - Beta 11.1 @@@ ROGUE MODE // 2022.06.14 @ 02:45:47 Player: Pogmind Result: Destroyed by G-67 Veteran with Plasma Rifle Performance ------------- Evolutions (7) 3500 Regions Visited (24) 4800 Robots Destroyed (476) 2380 Value Destroyed (20628) 20628 Prototype IDs (75) 1500 Alien Tech Used (0) 0 Bonus (6236) 6236 TOTAL SCORE: 39044 Bonus ------- Triggered Max Security 1000 High Alert Combat Kills 4013 Follower Combat Kills 1013 Entered Garrisons 200 Used RIF Installer 500 Network Hubs Disabled 800 Aligned with FarCom 300 Met Data Miner 300 Scanned by Researcher 500 Friendly Fire -2390 Cogmind --------- Core Integrity 0/1300 Matter 18/300 Energy 100/100 System Corruption 13% Temperature Cool (0) Movement Core (50) Location -3/Testing Parts ------- > --- POWER (2) -------- (None) > --- PROPULSION (6) --- (None) > --- UTILITY (9) ------ (None) > --- WEAPON (4) ------- (None) > --- INVENTORY (5) ---- Experimental Power Amplifier EMDS Z-bomb Delivery System Molecular Scythe Peak State ------------ > --- POWER ------------ Light Angular Momentum Engine Light Fission Core > --- PROPULSION ------- Antigrav System Improved Linear Gravjet Improved Linear Gravjet Improved Linear Gravjet Improved Linear Gravjet Improved Linear Gravjet > --- UTILITY ---------- Experimental Power Amplifier Medium Storage Unit Improved Energy Well Improved Melee Analysis Suite Advanced Target Analyzer Advanced Target Analyzer Experimental Utility Shielding Experimental Utility Shielding Authchip [Propulsion] > --- WEAPON ----------- Disintegrator Force Lance Force Lance > --- INVENTORY -------- Experimental Power Amplifier Improved Energy Well Quantum Capacitor Cloak of Protection Experimental EM Disruption Field EMDS Z-bomb Delivery System Lance [Rating: 150] Favorites ----------- Power Antimatter Reactor Engine Cooled Ion Engine Power Core Reinforced Fission Core Reactor Antimatter Reactor Propulsion Improved Treads Treads Improved Treads Leg Advanced VSS Leg Wheel Wheel Hover Unit Improved Linear Gravjet Flight Unit Impulse Thruster Utility Huge Storage Unit Device Microactuators Storage Huge Storage Unit Processor Improved Signal Interpreter Hackware Improved Hacking Suite Protection Layered Medium Armor Plating Weapon Axe Energy Gun Advanced Beam Rifle Energy Cannon Compact HERF Cannon Ballistic Gun Advanced KE Penetrator Ballistic Cannon Light Cannon Launcher Heavy Rocket Launcher Special Weapon Improved Remote Datajack Impact Weapon Power Maul Slashing Weapon Axe Piercing Weapon Force Lance Special Melee Weapon Datajack Build | -11 -10 -10 -10 -9 -8 -8 -7 -7 -7 -7 -7 -7 -6 -6 -6 -6 -6 -6 -5 -5 -5 -4 -3 -3 ------- Run | Scr Mat Min Exi Min Mat Gar Fac Was Fac Low Low Dat Pro Fac Ext Cet Arc Hub Fac Was Fac Fac Res Tes Slots Evolved 14 | . . . . . 4 . 2 . . . . . . 2 . . . . 2 . . 2 2 . Power 1 | . . . . . . . . . . . . . . . . . . . . . . . 1 . Propulsion 4 | . . . . . 2 . . . . . . . . . . . . . . . . 2 . . Utility 7 | . . . . . 2 . 1 . . . . . . 2 . . . . 1 . . . 1 . Weapon 2 | . . . . . . . 1 . . . . . . . . . . . 1 . . . . . Parts Attached 660 | 8 17 11 . 11 69 18 18 19 9 26 4 15 16 57 41 19 13 49 47 22 86 16 43 26 Power 51 | 1 . 1 . 1 5 1 . 1 . . . 1 2 4 2 1 . 3 8 4 7 1 6 2 Engine 14 | 1 . 1 . 1 3 1 . . . . . . 1 2 2 . . 1 . . . . . 1 Core 12 | . . . . . 2 . . . . . . . . . . . . . 2 . 4 . 3 1 Reactor 25 | . . . . . . . . 1 . . . 1 1 2 . 1 . 2 6 4 3 1 3 . Propulsion 98 | 2 . 2 . 1 15 2 5 3 . . 2 4 . 11 8 . 2 4 2 2 7 5 15 6 Treads 65 | 2 . 2 . 1 14 1 2 3 . . 2 3 . 8 6 . 2 2 2 1 3 3 8 . Leg 5 | . . . . . . . . . . . . 1 . . . . . 1 . . . 1 2 . Wheel 10 | . . . . . . . 3 . . . . . . 1 1 . . . . . 3 . 2 . Hover 11 | . . . . . 1 . . . . . . . . 2 . . . 1 . 1 . . . 6 Flight 7 | . . . . . . 1 . . . . . . . . 1 . . . . . 1 1 3 . Utility 241 | 3 6 1 . 7 19 9 8 4 7 11 2 7 5 28 11 11 9 20 14 7 30 9 12 1 Device 115 | 2 2 1 . 7 9 2 6 1 5 3 1 4 4 10 4 1 5 16 4 6 13 4 5 . Storage 18 | 1 2 . . . 1 2 . . . 1 . 1 . 1 . . . . 1 . . 5 3 . Processor 19 | . 1 . . . 1 1 . . . 1 . . . 5 1 3 . . . . 3 . 2 1 Hackware 18 | . . . . . . 2 . 1 . . . . . 1 . . 1 . 4 1 8 . . . Protection 71 | . 1 . . . 8 2 2 2 2 6 1 2 1 11 6 7 3 4 5 . 6 . 2 . Artifact . | . . . . . . . . . . . . . . . . . . . . . . . . . Weapon 270 | 2 11 7 . 2 30 6 5 11 2 15 . 3 9 14 20 7 2 22 23 9 42 1 10 17 Energy Gun 12 | . . . . . 3 . . . 1 . . . . 1 2 . 1 . . 2 . . . 2 Energy Cannon 10 | . . . . . . . . . . . . . . 1 . . . 2 . . . . 4 3 Ballistic Gun 88 | 2 2 . . . 12 . . 4 . 5 . . . 2 4 3 1 12 11 4 23 1 1 1 Ballistic Cannon 24 | . 6 4 . 2 7 . . . . . . . 1 1 . . . 2 . . 1 . . . Launcher 18 | . . 1 . . 2 2 . . . 2 . . 3 . . . . . 4 . 2 . . 2 Special Weapon 19 | . . . . . . . . 3 . 1 . . . 2 . 1 . 3 4 1 3 . 1 . Impact Weapon 21 | . 2 2 . . 2 . . . . 1 . . 4 1 6 2 . . . . . . 1 . Slashing Weapon 54 | . . . . . 4 3 3 4 1 6 . 3 1 6 7 1 . 3 4 . 3 . . 5 Piercing Weapon 19 | . . . . . . . . . . . . . . . . . . . . 2 10 . 3 4 Special Melee Weapon 5 | . 1 . . . . 1 2 . . . . . . . 1 . . . . . . . . . Unidentified Prototypes 33 | . . . . 1 6 . . . 1 . . 3 . . . 2 1 5 3 1 2 1 1 6 Corrupted Parts 1 | . . . . . . . . . . . . . . . . . 1 . . . . . . . System Corruption 3 | . . . . . . . . . . . . . . . . . 3 . . . . . . . Parts Lost 93 | . 1 7 . . 12 . 2 . . . . 3 2 3 1 . . 1 5 . 25 2 20 9 Power 12 | . . . . . 1 . . . . . . . . 1 1 . . . 2 . . 1 4 2 Propulsion 27 | . . 2 . . 5 . 1 . . . . 1 . . . . . . . . 5 1 6 6 Utility 33 | . 1 2 . . 4 . 1 . . . . 2 1 2 . . . 1 1 . 10 . 7 1 Weapon 21 | . . 3 . . 2 . . . . . . . 1 . . . . . 2 . 10 . 3 . Highest Loss Streak 9 | . 1 3 . . 2 . 1 . . . . 2 2 1 1 . . 1 2 . 7 2 5 9 To Critical Strikes . | . . . . . . . . . . . . . . . . . . . . . . . . . Average Slot Usage (%) 87 | . 99 98 58 98 94 89 93 73 83 83 83 81 83 87 91 84 81 80 83 87 82 78 75 92 Engine 4 | . 14 14 14 14 7 9 7 2 . . . . . . 2 2 . . . . . . . 3 Reactor 3 | . . . . . . . . 4 7 7 7 7 6 6 3 3 6 6 4 5 2 4 3 . Treads 20 | . 28 27 28 28 35 35 18 14 15 15 15 14 15 15 18 13 13 12 11 10 10 14 12 . Device 9 | . 1 4 . 12 9 8 13 4 14 7 7 7 11 17 13 13 12 9 9 11 11 7 5 4 Storage 8 | . 14 14 14 14 9 9 7 7 7 7 7 7 7 6 6 6 6 6 5 5 4 10 13 8 Processor 4 | . 9 . . . 3 . . . . 6 7 7 7 9 12 8 10 5 . . . . 5 12 Hackware 3 | . . . . . . . . 1 . . . . . . . . . . 12 22 19 21 10 5 Protection 9 | . 2 8 . . 10 8 10 7 14 14 14 13 10 12 13 16 11 18 14 5 5 . . 9 Ballistic Gun 5 | . 4 . . . 5 . . 3 . . . . . . . 17 19 19 16 9 17 4 3 . Ballistic Cannon 4 | . 20 26 1 28 6 . . . . . . . . . . . . . . . . . . . Impact Weapon 1 | . 1 1 . . . . . . . . 7 1 4 5 8 1 . . . . . . 2 . Slashing Weapon 7 | . . . . . 4 17 22 18 23 21 15 20 15 12 10 . . . 4 10 1 . . 3 Naked Turns 11 | . . . . . . . . . . . . . . . . . . . . . 6 . . 5 Heaviest Build 173 | 15 54 54 49 53 113 116 118 150 150 130 121 123 126 130 132 147 146 173 173 135 151 39 71 56 Greatest Support 210 | 40 40 40 40 43 92 89 92 140 140 140 140 140 140 140 140 140 140 140 140 140 160 90 210 160 Greatest Overweight (x) 48 | . 1 1 1 1 1 1 5 7 1 . 1 1 . 11 7 1 48 2 1 1 11 1 3 2 Average Overweight (x) . | . . 1 1 1 . . 4 2 . . . . . . . . . . . . . . . . Largest Inventory Capacity 25 | 8 20 20 20 20 25 25 25 25 25 25 25 25 25 25 25 25 25 25 25 25 25 10 10 10 Average Capacity 22 | 7 19 20 20 20 24 21 25 25 25 25 25 25 25 25 25 25 25 25 25 25 24 8 10 9 Most Carried 25 | 5 20 20 20 20 25 25 25 25 25 25 25 25 25 25 25 25 25 25 25 25 25 10 10 10 Average Carried 22 | 3 17 19 17 19 24 20 24 24 24 24 24 24 24 24 24 24 24 24 24 24 23 8 9 9 Final Capacity 25 | 8 20 20 20 20 25 25 25 25 25 25 25 25 25 25 25 25 25 25 25 25 5 10 10 5 Final Carried 25 | 5 20 15 20 20 25 25 25 25 25 25 25 25 25 24 25 25 25 25 24 25 5 10 10 5 Class Distribution -------------------- 28% | Scavenger-Mutant 24% | Mutant 20% | Trapper-Mutant 7% | Scavenger-Tank 6% | Hacker-Mutant 5% | Bothacker-Mutant 3% | Scavenger-Skirmisher Dominant Class ---------------- Mutant | -10/Materials Trapper-Mutant | -10/Mines Trapper-Mutant | -10/Exiles Trapper-Mutant | -9/Mines Trapper-Mutant | -8/Materials Mutant | -8/Garrison Bothacker-Mutant | -7/Factory Scavenger-Mutant | -7/Waste Mutant | -7/Factory Scavenger-Mutant | -7/Lower Caves Scavenger-Mutant | -7/Lower Caves Scavenger-Mutant | -7/Data Miner Scavenger-Mutant | -6/Proximity Caves Scavenger-Mutant | -6/Factory Mutant | -6/Extension Machinist-Tank | -6/Cetus Scavenger-Mutant | -6/Archives Scavenger-Tank | -6/Hub_04(d) Scavenger-Mutant | -5/Factory Hacker-Mutant | -5/Waste Hacker-Mutant | -5/Factory Hacker-Mutant | -4/Factory Scavenger-Mutant | -3/Research Scavenger-Sprinter | -3/Testing Resources | -11 -10 -10 -10 -9 -8 -8 -7 -7 -7 -7 -7 -7 -6 -6 -6 -6 -6 -6 -5 -5 -5 -4 -3 -3 ----------- Run | Scr Mat Min Exi Min Mat Gar Fac Was Fac Low Low Dat Pro Fac Ext Cet Arc Hub Fac Was Fac Fac Res Tes Matter Collected 14424 | 355 470 447 46 179 1554 248 165 370 100 710 201 155 273 806 419 455 556 1782 1085 419 2630 . 850 149 Remotely 20 | . . . . 10 . . . . . . . . . . . . . 10 . . . . . . Salvage Created 23566 | 174 392 498 . 74 1779 332 1177 500 153 303 29 369 208 1453 980 422 711 3873 2111 461 4390 . 3020 157 Parts 1106 | 12 26 26 . 5 84 25 57 10 10 9 3 14 5 60 27 32 55 205 100 7 230 . 94 10 Haulers Intercepted 12 | . . . . . 6 . . . 1 . . . . 1 1 . . 1 . . . . 2 . Recyclers Shooed 21 | 1 . . . . 4 . . . . . . . . . . . . 2 6 . 8 . . . Parts Field Recycled . | . . . . . . . . . . . . . . . . . . . . . . . . . Retrieved Matter . | . . . . . . . . . . . . . . . . . . . . . . . . . Parts Self-Destructed 19 | . . . . . . . . . . 13 2 . 4 . . . . . . . . . . . Prevented 2 | . . . . . . . . . . . 2 . . . . . . . . . . . . . Kills | -11 -10 -10 -10 -9 -8 -8 -7 -7 -7 -7 -7 -7 -6 -6 -6 -6 -6 -6 -5 -5 -5 -4 -3 -3 ------- Run | Scr Mat Min Exi Min Mat Gar Fac Was Fac Low Low Dat Pro Fac Ext Cet Arc Hub Fac Was Fac Fac Res Tes Combat Hostiles Destroyed 343 | . 9 19 . 2 35 16 21 2 1 8 . 4 10 17 7 3 4 43 32 . 65 . 37 8 Melee 86 | . . 2 . . 2 8 21 2 1 4 . 4 1 7 7 . . . . . 9 . 17 1 Guns 135 | . . . . . 10 . . . . . . . . 1 . 3 4 37 24 . 53 . 3 . Cannons 41 | . 9 15 . 2 12 . . . . . . . . . . . . 1 . . . . 2 . AOE 48 | . . 1 . . 7 8 . . . 4 . . 7 . . . . 3 8 . 3 . . 7 Classes Destroyed 25 | 2 4 2 . . 4 1 1 1 . 1 1 . . . 1 . . 3 . . 1 . 1 2 Worker 27 | . . . . . 3 . 1 . . . . . . 2 . . . 8 1 . 10 . 2 . Builder 22 | . 2 . . 1 . . 1 . . . . . . 2 4 . . 4 1 . 4 . 3 . Tunneler 11 | 5 . . . . 2 . . . . . . . . . . . . 2 . . 2 . . . Hauler 12 | . . . . . 6 . . . 1 . . . . 1 1 . . 1 . . . . 2 . Recycler 21 | 1 . 2 . . 1 . . . . . . . . 3 3 . . 4 2 . 3 . 2 . Carrier 1 | . . . . . . . . . . . . . . . . . . . . . . . . 1 Minesweeper 1 | . . . . . . . . . . . 1 . . . . . . . . . . . . . Mechanic 3 | . . . . . . . 1 . 1 . . . . . . . . . 1 . . . . . Operator 16 | . 2 . . . 2 . 1 . 1 . . . . . . . 9 . . . . . . 1 Watcher 21 | . 3 . . . 5 . . . . . . . . 2 . . . 4 1 . 6 . . . Swarmer 54 | . . 6 . . 6 11 . . . . . . 7 3 . . . 4 5 . 9 . 3 . Saboteur 3 | . . . . . . . . . . . . . . . . . . . . . 1 . . 2 Grunt 161 | . 9 8 . 2 21 3 16 . 1 4 . . 3 8 1 . . 15 18 . 26 . 21 5 Brawler 8 | . . . . . . . . . . . . . . . . . . 2 2 . 2 . 2 . Duelist 7 | . . . . . . . . . . 3 . . . . . . . . . . 3 . 1 . Protector 2 | . . . . . . . . . . . . . . . . . . 2 . . . . . . Researcher 2 | . . . . . . . . . . . . . . . . . . . . . . . . 2 Sentry 29 | . . . . . 7 1 1 . . 1 . . . 2 3 . 4 6 . . 4 . . . Specialist 2 | . . . . . . . . . . . . . . . . . . . . . . . 2 . Hunter 24 | . . . . . . 1 1 . . . . . . 1 2 . . 4 3 . 7 . 4 1 Programmer 34 | . . . . . 1 . 3 . . . . . . 3 . 1 . 5 4 . 13 . 4 . Heavy 2 | . . . . . . . . . . . . . . . . . . 2 . . . . . . Behemoth 1 | . . . . . . . . . . . . . . . 1 . . . . . . . . . Compactor 2 | . . . . . . . . 2 . . . . . . . . . . . . . . . . Cetus Guard 2 | . . . . . . . . . . . . . . . . 2 . . . . . . . . Enhanced Grunt 4 | . . . . . . . . . . . . 4 . . . . . . . . . . . . Lightning 3 | . . . . . . . . . . . . . . . . . . 3 . . . . . . Investigator 1 | . . . . . . . . . . . . . . . . . . . . . . . . 1 Assembled 5 | . . 5 . . . . . . . . . . . . . . . . . . . . . . Butcher 1 | . . . . . . . . . . . . . . . . 1 . . . . . . . . Guerrilla 1 | . . . . . . . . . . . . . . . . 1 . . . . . . . . Best Kill Streak 10 | 2 3 4 . 2 6 4 5 1 1 3 1 2 4 5 3 2 10 9 8 . 9 . 4 9 Combat Bots Only 8 | . 2 4 . 2 5 4 5 1 1 3 . 2 4 5 3 2 2 5 7 . 8 . 6 7 Max Kills in Single Turn 7 | 1 1 1 . 1 3 4 1 1 1 1 1 1 2 1 1 1 2 6 4 . 7 . 1 5 Gunslinging 1 | . . . . . . . . . . . . . . . . . . 1 1 . 1 . . . Exploded 4 | . . 1 . . 3 4 . . . 1 . . 2 . . . . 3 2 . 1 . . 4 Melee 1 | . . 1 . . 1 1 1 1 1 1 . 1 1 1 1 . . . . . 1 . 1 1 Uniques/NPCs Destroyed 1 | . . . . . . . . . . . . . . . . 1 . . . . . . . . A7 (-6/Cetus) Combat | -11 -10 -10 -10 -9 -8 -8 -7 -7 -7 -7 -7 -7 -6 -6 -6 -6 -6 -6 -5 -5 -5 -4 -3 -3 -------- Run | Scr Mat Min Exi Min Mat Gar Fac Was Fac Low Low Dat Pro Fac Ext Cet Arc Hub Fac Was Fac Fac Res Tes Damage Taken 29916 | . 345 879 . 68 2161 393 1081 . 14 623 . 1200 998 794 792 271 69 1711 2744 . 7442 329 6647 1355 Core 3092 | . 35 118 . . 212 9 93 . . 33 . 93 54 42 106 . . 13 179 . 775 22 769 539 Absorbed by Shields 2861 | . . . . . 48 150 396 . 4 120 . . . 484 . 99 25 213 252 . 434 . . 636 Reduced by Siege Mode 1133 | . . . . . . . . . . 22 . . . 38 9 59 8 140 386 . 471 . . . Redirected to Shielding 187 | . . . . . . . . . . . . . . . . . . . . . . . 91 96 Regen/Repaired (Parts) 1756 | . . . . . . . . . . . . . . 278 . 36 57 160 243 48 934 . . . Core Remaining (%) 63 | 100 . . . 38 . 59 . . . . . . 61 . . . . 81 . . 4 98 . . Volleys Fired 667 | 15 42 33 . 5 119 4 . 17 . 20 . . 9 8 . 21 36 101 62 5 130 4 34 2 Largest 4 | 2 2 2 . 2 2 1 . 3 . 3 . . 1 2 . 3 3 3 4 2 4 1 3 1 Hottest 140 | 40 70 70 . 70 70 36 . 75 . 75 . . 39 70 . 105 105 105 140 70 140 35 135 30 Shots Fired 1544 | 30 83 67 . 10 238 4 . 36 . 31 . . 10 15 . 50 79 280 165 11 391 4 38 2 Gun 1200 | 30 28 . . . 101 . . 30 . 20 . . . 14 . 47 79 272 156 11 385 4 23 . Cannon 281 | . 55 66 . 10 133 . . . . . . . . . . . . 2 . . . . 15 . Launcher 37 | . . 1 . . 4 4 . . . 8 . . 10 . . . . . 5 . 3 . . 2 Special 26 | . . . . . . . . 6 . 3 . . . 1 . 3 . 6 4 . 3 . . . Kinetic 1466 | 30 83 66 . 10 234 . . 30 . 20 . . . 14 . 47 79 274 156 11 385 4 23 . Thermal . | . . . . . . . . . . . . . . . . . . . . . . . . . Explosive 37 | . . 1 . . 4 4 . . . 8 . . 10 . . . . . 5 . 3 . . 2 Electromagnetic 15 | . . . . . . . . . . . . . . . . . . . . . . . 15 . Robot Hit Streak 36 | 5 8 15 . 4 20 2 . 16 . 17 . . . 8 . 15 25 25 28 18 36 1 11 7 Robot Miss Streak 6 | 2 6 5 . 1 5 1 . 2 . 1 . . 1 2 . 2 4 4 3 . 3 2 5 . Penetration Max 3 | . . . . . . . . . . . . . . . . 1 1 3 2 . 2 1 1 . Secondary Targets 24 | . . . . . 1 . . . . . . . . . . 1 . 5 7 . 10 . . . Max Gunslinging Chain 2 | . . . . . 1 . . . . . . . . . . 1 . 1 1 . 2 . . . Shots Hit Robots 1528 | 18 49 42 . 6 191 18 75 37 7 34 1 23 17 82 34 43 58 191 136 13 313 1 130 9 Core Hits 740 | 7 20 20 . 3 77 18 26 3 4 16 1 14 13 19 15 23 25 125 77 1 161 . 43 29 Critical Kills 101 | . . 1 . . 1 . . . . . . . . 3 1 4 13 39 13 1 24 . 1 . Critical Parts Destroyed 145 | . . 1 . . 1 . . . . 1 . . 3 13 . 7 21 33 12 . 40 1 12 . Critical Strikes 301 | . 4 5 . 1 9 . 9 . . 1 . 4 3 16 4 15 35 72 28 2 67 1 24 1 Destroy 223 | . . . . . . . . . . 1 . . . 4 . 15 35 72 28 2 65 1 . . Blast 14 | . 4 3 . 1 6 . . . . . . . . . . . . . . . . . . . Corrupt 4 | . . . . . . . . . . . . . . . . . . . . . . . 4 . Smash 33 | . . 2 . . 2 . . . . . . . 3 12 1 . . . . . . . 13 . Sever 17 | . . . . . 1 . 9 . . . . 4 . . 3 . . . . . . . . . Impale 10 | . . . . . . . . . . . . . . . . . . . . . 2 . 7 1 Melee Attacks 815 | . 7 9 . . 37 36 115 8 13 37 4 48 43 129 64 2 . 6 21 5 75 . 142 14 Impact 219 | . 6 9 . . 28 . . . . . 3 . 29 54 27 . . . . . . . 63 . Slashing 443 | . . . . . 9 34 113 8 13 37 1 48 14 75 37 2 . 6 21 5 13 . . 7 Piercing 148 | . . . . . . . . . . . . . . . . . . . . . 62 . 79 7 Sneak Attacks 77 | . 2 . . . 5 . 11 8 6 1 1 1 . 10 12 2 . . 1 . 1 . 12 4 Combat Hostiles 10 | . . . . . . . . 8 . 1 . . . 1 . . . . . . . . . . Follow-up Attacks 104 | . . . . . . 3 20 2 1 . . 11 3 19 8 . . . . 1 . . 33 3 Damage Inflicted 54672 | 236 919 938 . 152 4463 1107 2966 727 476 1568 60 887 1303 3394 1790 748 586 4233 4026 583 10421 61 6438 6590 Guns 17097 | 235 191 . . . 1144 . . 429 . 338 . . . 58 . 633 586 2927 2995 237 6995 45 284 . Cannons 3975 | . 605 588 . 126 1606 . . . . . . . . . . . . 186 . . . . 864 . Explosions 12326 | . . 46 . . 491 598 . . . 988 . . 511 . . . . 1009 929 . 1844 . . 5910 Melee 20686 | . 56 292 . . 1137 509 2966 298 469 242 60 887 792 3277 1790 115 . . 71 346 1409 . 5290 680 Ramming 588 | 1 67 12 . 26 85 . . . 7 . . . . 59 . . . 111 31 . 173 16 . . Kinetic 20208 | 235 796 588 . 126 2750 . . 429 . 338 . . . 58 . 633 586 3113 2995 237 6995 45 284 . Thermal 1232 | . . . . . . . . . . . . . . . . . . . . . 1232 . . . Explosive 10085 | . . 46 . . 491 598 . . . 988 . . 511 . . . . . 929 . 612 . . 5910 Electromagnetic 1873 | . . . . . . . . . . . . . . . . . . 1009 . . . . 864 . Impact 6387 | . 56 292 . . 845 . . . . . . . 654 1455 482 . . . . . . . 2603 . Slashing 10040 | . . . . . 292 509 2966 298 469 242 60 887 138 1822 1308 115 . . 71 346 . . . 517 Piercing 4259 | . . . . . . . . . . . . . . . . . . . . . 1409 . 2687 163 Highest Corruption 22 | . . 4 4 4 3 . 4 14 13 8 8 8 8 1 1 1 3 4 6 6 22 . 11 13 Average Corruption 5 | . . 4 4 3 2 . 3 11 11 8 8 8 8 1 1 1 1 4 3 6 10 . 6 11 Corruption Purged 27 | . . . . 4 6 . 4 4 5 . . . . . . . 4 . . . . . . . Corruption Blocked . | . . . . . . . . . . . . . . . . . . . . . . . . . Effects 654 | . . 8 19 14 45 . 7 18 29 74 76 19 57 9 25 3 1 26 16 22 154 . 19 13 Message Errors 168 | . . 1 8 4 17 . 2 7 6 11 18 9 12 2 9 1 . 7 5 7 35 . 3 4 Matter Fused 155 | . . 2 2 5 7 . 1 3 11 24 20 2 18 . 7 1 1 5 1 4 33 . 6 2 Heat Flow Errors 82 | . . . 2 . 3 . 3 4 1 9 9 4 10 1 2 1 . 1 4 1 21 . 4 2 Energy Discharges 70 | . . 2 2 3 3 . . 1 3 12 8 1 4 2 4 . . 4 . 6 14 . . 1 Parts Rejected 8 | . . . . . 1 . 1 . . 1 . 1 . . . . . . 1 . 2 . . 1 Data Loss (minor) 75 | . . 1 3 1 8 . . 2 6 7 15 . 5 2 3 . . 2 1 . 14 . 4 1 Data Loss (major) 35 | . . . 1 . 2 . . 1 1 8 4 2 5 . . . . 1 2 1 6 . 1 . Misfires 18 | . . 2 . . 4 . . . . . . . 1 . . . . 1 2 1 7 . . . Alerts 23 | . . . 1 1 . . . . 1 1 2 . 2 2 . . . 3 . 2 7 . 1 . Misdirections 5 | . . . . . . . . . . . . . . . . . . . . . 3 . . 2 Weapon Failures 15 | . . . . . . . . . . 1 . . . . . . . 2 . . 12 . . . Overload Shots . | . . . . . . . . . . . . . . . . . . . . . . . . . Overflow Damage 4100 | . 2 45 . . 189 24 230 . . 152 . 20 230 717 411 . . 2 . 157 325 . 1227 369 Projectiles 33 | . 2 10 . . 3 . . . . . . . . . . . . . . . . . 18 . Explosions 529 | . . 3 . . 7 4 . . . 80 . . . . . . . 2 . . 273 . . 160 Melee 3538 | . . 32 . . 179 20 230 . . 72 . 20 230 717 411 . . . . 157 52 . 1209 209 Knockbacks 80 | . 11 5 . 2 20 . . . . . . . 4 13 2 . . 1 . . 1 . 21 . Impact 41 | . . 1 . . 1 . . . . . . . 4 12 2 . . 1 . . 1 . 19 . Kinetic 34 | . 10 3 . 2 19 . . . . . . . . . . . . . . . . . . . Secondary 5 | . 1 1 . . . . . . . . . . . 1 . . . . . . . . 2 . Self-Inflicted Damage 102 | . . 32 . . . . . . . . . . 35 . . . . 35 . . . . . . Shots 7 | . . 1 . . . . . . . . . . 2 . . . . 4 . . . . . . Rammed 72 | 2 13 3 . 6 11 . . . 1 . . . . 3 . . . 13 4 . 13 2 1 . Targets Rammed 78 | 2 13 4 . 7 12 . . . 1 . . . . 4 . . . 15 4 . 13 2 1 . Kicked . | . . . . . . . . . . . . . . . . . . . . . . . . . Crushed 6 | . . 1 . 1 1 . . . . . . . . 1 . . . 2 . . . . . . Highest Temperature 445 | . 88 177 254 54 223 . 251 445 275 273 275 281 302 176 217 187 . 170 226 101 336 . 185 347 Average Temperature 84 | . 27 50 108 26 50 . 111 151 143 95 102 121 96 47 26 49 . 27 67 51 80 . 59 153 Received Heat Transfer 7594 | . 198 374 . 39 1053 102 448 . 7 137 . . 534 255 138 103 . 519 598 . 1760 102 1096 131 Effects 9 | . . . . . . . . 3 . 1 1 . . . . . . . . . 3 . . 1 Shutdowns 1 | . . . . . . . . 1 . . . . . . . . . . . . . . . . Energy Bleed 4 | . . . . . . . . . . 1 . . . . . . . . . . 2 . . 1 Interference 2 | . . . . . . . . 1 . . 1 . . . . . . . . . . . . . Short Circuit 1 | . . . . . . . . . . . . . . . . . . . . . 1 . . . Damage (minor) 1 | . . . . . . . . 1 . . . . . . . . . . . . . . . . Siege Activations 65 | . . . . . . . . . . 1 . . 2 3 1 2 4 21 8 . 23 . . . Total Turns 1196 | . . . . . . . . . . 29 . . 6 64 33 41 90 356 213 . 364 . . . Longest Duration 61 | . . . . . . . . . . 29 . . 3 27 33 22 61 46 51 . 37 . . . Robots Corrupted 8 | . . . . . . . . . . . . . . . . . . 3 . . . . 5 . Combat Hostiles 7 | . . . . . . . . . . . . . . . . . . 2 . . . . 5 . Parts Fried 45 | . . 2 . . 1 . . . . . . 1 1 3 4 . . 3 . . . . 30 . Impact Corruptions 74 | . . 2 . . 10 . . . . . . . 6 18 6 . . . . . 1 . 31 . Robots Melted . | . . . . . . . . . . . . . . . . . . . . . . . . . Combat Hostiles . | . . . . . . . . . . . . . . . . . . . . . . . . . Parts Melted 1 | . . . . . . . . . . . . . . . . . . . 1 . . . . . Heat Transferred 850 | . . . . . . . . . . . . . . . . . . . . . 850 . . . Parts Sabotaged 1 | . . . . . . . . . . . . . . . . . . . . . 1 . . . Parts Stolen . | . . . . . . . . . . . . . . . . . . . . . . . . . Parts Stripped . | . . . . . . . . . . . . . . . . . . . . . . . . . Power Chain Reactions 1 | . . . . . . . . . . . . . . . . . . 1 . . . . . . Missiles Intercepted . | . . . . . . . . . . . . . . . . . . . . . . . . . Alert | -11 -10 -10 -10 -9 -8 -8 -7 -7 -7 -7 -7 -7 -6 -6 -6 -6 -6 -6 -5 -5 -5 -4 -3 -3 ------- Run | Scr Mat Min Exi Min Mat Gar Fac Was Fac Low Low Dat Pro Fac Ext Cet Arc Hub Fac Was Fac Fac Res Tes Peak Influence 2161 | 30 176 275 . 83 353 932 632 199 26 . . . . 221 268 365 298 1615 1318 465 1893 957 853 2161 Initial 927 | . 19 . . . . 228 489 199 . . . . . 47 . 124 146 . 778 461 80 927 404 474 Average 326 | 13 20 96 . 29 209 775 427 172 12 . . . . 92 81 274 148 455 942 331 560 889 588 1732 Maximum Alert Level 5 | . . 1 . . 1 3 2 . . . . . . 1 1 1 1 5 4 2 5 3 3 5 Low Security (%) 49 | 100 100 84 . 100 49 . . 100 100 . . . . 91 78 13 66 19 . 12 37 . . . Level 1 21 | . . 15 . . 50 4 41 . . . . . . 8 21 86 33 30 . 43 23 . . . Level 2 12 | . . . . . . 31 58 . . . . . . . . . . 39 . 43 3 . 84 . Level 3 11 | . . . . . . 63 . . . . . . . . . . . 7 89 . 13 100 15 . Level 4 2 | . . . . . . . . . . . . . . . . . . 3 10 . 13 . . . Level 5 . | . . . . . . . . . . . . . . . . . . . . . 8 . . . High Security . | . . . . . . . . . . . . . . . . . . . . . . . . . Max Security . | . . . . . . . . . . . . . . . . . . . . . . . . 99 Squads Dispatched 98 | . 3 . . 1 6 . 7 . 1 . . . . 7 1 . . 13 13 . 19 3 12 12 Investigation 19 | . 1 . . 1 1 . 1 . . . . . . 4 1 . . 2 2 . 5 . 1 . Extermination 21 | . . . . . . . 3 . . . . . . 3 . . . 5 2 . 5 1 2 . Reinforcement 25 | . 2 . . . 2 . 3 . 1 . . . . . . . . 5 5 . 4 1 2 . Assault 26 | . . . . . . . . . . . . . . . . . . 1 4 . 4 1 4 12 Garrison 7 | . . . . . 3 . . . . . . . . . . . . . . . 1 . 3 . Intercept . | . . . . . . . . . . . . . . . . . . . . . . . . . Searches Triggered . | . . . . . . . . . . . . . . . . . . . . . . . . . Construction Impeded 5 | . . . . . . . . . . . . . . . . . . . 1 . 3 1 . . Haulers Reinforced 4 | . . . . . . . 1 . 1 . . . . . . . . . 2 . . . . . Active Scanning Responses . | . . . . . . . . . . . . . . . . . . . . . . . . . Cargo Convoy Interrupts . | . . . . . . . . . . . . . . . . . . . . . . . . . Stealth | -11 -10 -10 -10 -9 -8 -8 -7 -7 -7 -7 -7 -7 -6 -6 -6 -6 -6 -6 -5 -5 -5 -4 -3 -3 --------- Run | Scr Mat Min Exi Min Mat Gar Fac Was Fac Low Low Dat Pro Fac Ext Cet Arc Hub Fac Was Fac Fac Res Tes Distress Signals 26 | . 3 . . . 2 . 2 . . . . . . 1 2 1 1 4 5 . 3 2 . . Communications Jammed . | . . . . . . . . . . . . . . . . . . . . . . . . . Distress Signals . | . . . . . . . . . . . . . . . . . . . . . . . . . Times Spotted 638 | . 25 21 . 8 51 19 27 5 3 9 . 4 9 30 22 8 23 54 46 . 121 10 60 83 Peak Tracking Total 42 | . 5 4 . 4 6 4 6 5 2 5 . 3 4 3 6 5 1 5 6 . 8 9 11 42 Tactical Retreats 43 | . 2 2 . . 2 . 4 . . 1 . . 2 3 3 . . . 1 . 15 2 3 3 Traps | -11 -10 -10 -10 -9 -8 -8 -7 -7 -7 -7 -7 -7 -6 -6 -6 -6 -6 -6 -5 -5 -5 -4 -3 -3 ------- Run | Scr Mat Min Exi Min Mat Gar Fac Was Fac Low Low Dat Pro Fac Ext Cet Arc Hub Fac Was Fac Fac Res Tes Traps Triggered 20 | . . . . . 1 4 3 . . . . . . . 8 . . 2 1 . . . 1 . Indirectly 1 | . . . . . . . . . . . . . . . . . . 1 . . . . . . Trap Hack Attempts 125 | . 125 . . . . . . . . . . . . . . . . . . . . . . . Triggered 2 | . 2 . . . . . . . . . . . . . . . . . . . . . . . Disarmed 2 | . 2 . . . . . . . . . . . . . . . . . . . . . . . Reprogrammed 18 | . 8 . . . . . . . . . . . . . . . . . . . 10 . . . Reused 6 | . . . . . . . . . . . . 1 . . . . . . . . 5 . . . Traps Extracted 8 | . 8 . . . . . . . . . . . . . . . . . . . . . . . Installed 4 | . . . . . . . . . . . . 4 . . . . . . . . . . . . Triggered 8 | . . . . . . . . . . . 2 . 1 . . . . . . . 5 . . . Most Traps Carried 8 | . 8 8 8 8 8 . . . . . 4 4 . . . . . . . . . . . . Machines | -11 -10 -10 -10 -9 -8 -8 -7 -7 -7 -7 -7 -7 -6 -6 -6 -6 -6 -6 -5 -5 -5 -4 -3 -3 ---------- Run | Scr Mat Min Exi Min Mat Gar Fac Was Fac Low Low Dat Pro Fac Ext Cet Arc Hub Fac Was Fac Fac Res Tes Machines Disabled 87 | . . 1 . . 4 4 2 . . 1 . 1 . 2 . 1 3 32 2 . 29 . . 5 Max in Single Turn 15 | . . 1 . . 1 1 1 . . 1 . 1 . 1 . 1 1 15 1 . 9 . . 2 Garrison Access 6 | . . . . . . . . . . . . . . . . . . 1 1 . 3 . 1 . Garrison Relay 4 | . . . . . . 4 . . . . . . . . . . . . . . . . . . Network Hub 4 | . . . . . . . . . . . . . . . . . . 4 . . . . . . Machines Sabotaged 1 | . . . . . . . . . . . . . . . . . . . . . 1 . . . Garrisons Compromised . | . . . . . . . . . . . . . . . . . . . . . . . . . Overloaded Fab Kills . | . . . . . . . . . . . . . . . . . . . . . . . . . Hacking | -11 -10 -10 -10 -9 -8 -8 -7 -7 -7 -7 -7 -7 -6 -6 -6 -6 -6 -6 -5 -5 -5 -4 -3 -3 --------- Run | Scr Mat Min Exi Min Mat Gar Fac Was Fac Low Low Dat Pro Fac Ext Cet Arc Hub Fac Was Fac Fac Res Tes Machines Accessed 118 | . 8 . 2 1 11 . 8 . 4 . 1 4 . 9 21 . . 13 10 . 23 . 3 . Terminals 77 | . 6 . . . 8 . 5 . 3 . . . . 3 21 . . 12 5 . 12 . 2 . Fabricators 13 | . . . . . . . 2 . 1 . . . . 4 . . . . 2 . 4 . . . Repair Stations 3 | . . . . . . . . . . . . . . 1 . . . . . . 2 . . . Recycling Units 7 | . 2 . . . 2 . . . . . . . . 1 . . . . 1 . 1 . . . Scanalyzers 3 | . . . . . . . 1 . . . . . . . . . . . 1 . 1 . . . Garrison Access 7 | . . . . . 1 . . . . . . . . . . . . 1 1 . 3 . 1 . Total Hacks 464 | . 32 . 2 1 41 . 27 . 10 . 1 31 . 31 46 . . 23 59 . 153 . 7 . Successful 272 | . 15 . 2 1 21 . 14 . 2 . 1 31 . 18 20 . . 9 38 . 97 . 3 . Failed 190 | . 16 . . . 20 . 13 . 8 . . . . 13 25 . . 14 21 . 56 . 4 . Catastrophic 30 | . . . . . 4 . 1 . 2 . . . . 1 . . . 7 7 . 6 . 2 . Database Lockouts 2 | . 1 . . . . . . . . . . . . . 1 . . . . . . . . . Manual 235 | . 26 . 1 . 29 . 11 . 8 . . . . 9 15 . . 12 37 . 81 . 6 . Terminals 288 | . 22 . . . 33 . 11 . 9 . . . . 7 46 . . 22 37 . 95 . 6 . Fabricators 44 | . . . . . . . 9 . 1 . . . . 15 . . . . 6 . 13 . . . Repair Stations 15 | . . . . . . . . . . . . . . 5 . . . . . . 10 . . . Recycling Units 32 | . 10 . . . 6 . . . . . . . . 4 . . . . 6 . 6 . . . Scanalyzers 29 | . . . . . . . 7 . . . . . . . . . . . 6 . 16 . . . Garrison Access 21 | . . . . . 2 . . . . . . . . . . . . 1 4 . 13 . 1 . Terminal Hacks 134 | . 6 . 2 1 11 . 2 . 1 . 1 31 . 2 15 . . 6 14 . 42 . . . Record 12 | . . . 1 . . . . . . . . 11 . . . . . . . . . . . . Part Schematic 19 | . . . . . . . . . . . . 12 . . 2 . . . 1 . 4 . . . Robot Schematic 5 | . . . . . . . . . . . . 5 . . . . . . . . . . . . Robot Analysis 6 | . 2 . . . 2 . 1 . . . . . . . . . . . . . 1 . . . Prototype ID Bank 3 | . . . . . . . . . . . . 3 . . . . . . . . . . . . Open Door 12 | . . . . 1 . . . . . . 1 . . . 10 . . . . . . . . . Level Access Points 2 | . . . . . . . . . . . . . . . . . . 1 . . 1 . . . Branch Access Points 4 | . . . . . . . . . 1 . . . . . 1 . . . 1 . 1 . . . Emergency Access Points 2 | . . . . . . . . . . . . . . . . . . . . . 2 . . . Machine Index 2 | . . . . . . . . . . . . . . . . . . . 1 . 1 . . . Terminal Index 2 | . . . . . . . . . . . . . . . . . . . 1 . 1 . . . Fabricator Index 2 | . . . . . . . . . . . . . . . . . . . 1 . 1 . . . Scanalyzer Index 1 | . . . . . . . . . . . . . . . . . . . 1 . . . . . Unreport Threat 11 | . 1 . . . 3 . . . . . . . . 1 2 . . . . . 4 . . . Locate Traps 25 | . 2 . . . 5 . 1 . . . . . . . . . . 3 4 . 10 . . . Reprogram Traps 2 | . . . . . . . . . . . . . . . . . . . . . 2 . . . Dispatch Records 1 | . . . . . . . . . . . . . . . . . . . . . 1 . . . Transport Status 1 | . . . . . . . . . . . . . . . . . . . . . 1 . . . Recall Investigation 2 | . . . . . . . . . . . . . . . . . . . 1 . 1 . . . Recall Extermination 1 | . . . . . . . . . . . . . . . . . . . . . 1 . . . Recall Reinforcements 1 | . . . . . . . . . . . . . . . . . . . . . 1 . . . Recall Assault 1 | . . . . . . . . . . . . . . . . . . . 1 . . . . . Hauler Manifests 7 | . 1 . . . 1 . . . . . . . . 1 . . . 1 1 . 2 . . . Zone Layout 9 | . . . . . . . . . . . . . . . . . . 1 1 . 7 . . . EX-Prototype ID Bank 1 | . . . 1 . . . . . . . . . . . . . . . . . . . . . Fabricator Hacks 25 | . . . . . . . 3 . . . . . . 9 . . . . 5 . 8 . . . Network Status 5 | . . . . . . . 1 . . . . . . 1 . . . . 1 . 2 . . . Load Schematic 13 | . . . . . . . 2 . . . . . . 5 . . . . 2 . 4 . . . Build 7 | . . . . . . . . . . . . . . 3 . . . . 2 . 2 . . . Repair Station Hacks 9 | . . . . . . . . . . . . . . 3 . . . . . . 6 . . . Scan Component 5 | . . . . . . . . . . . . . . 2 . . . . . . 3 . . . Repair 4 | . . . . . . . . . . . . . . 1 . . . . . . 3 . . . Recycling Unit Hacks 1 | . . . . . . . . . . . . . . . . . . . . . 1 . . . Retrieve Components 1 | . . . . . . . . . . . . . . . . . . . . . 1 . . . Scanalyzer 27 | . . . . . . . 7 . . . . . . . . . . . 6 . 14 . . . Insert Component 13 | . . . . . . . 4 . . . . . . . . . . . 2 . 7 . . . Analyze 14 | . . . . . . . 3 . . . . . . . . . . . 4 . 7 . . . Garrison Access Hacks 10 | . . . . . 1 . . . . . . . . . . . . 1 2 . 5 . 1 . Unlock Access 1 | . . . . . 1 . . . . . . . . . . . . . . . . . . . Seal Access 6 | . . . . . . . . . . . . . . . . . . 1 1 . 3 . 1 . Coupler Status 3 | . . . . . . . . . . . . . . . . . . . 1 . 2 . . . Unauthorized Hacks 66 | . 9 . . . 9 . 2 . 1 . . . . 4 5 . . 2 11 . 21 . 2 . Terminals 32 | . 3 . . . 5 . 2 . 1 . . . . . 5 . . 2 6 . 6 . 2 . Assimilate 7 | . . . . . . . . . . . . . . . 2 . . . 3 . 1 . 1 . Botnet 17 | . 2 . . . 3 . 1 . 1 . . . . . 3 . . 2 2 . 2 . 1 . Disrupt 2 | . . . . . 1 . . . . . . . . . . . . . . . 1 . . . Operators 5 | . 1 . . . 1 . 1 . . . . . . . . . . . 1 . 1 . . . Sabotage 1 | . . . . . . . . . . . . . . . . . . . . . 1 . . . Fabricators 8 | . . . . . . . . . . . . . . 2 . . . . 1 . 5 . . . Prioritize 4 | . . . . . . . . . . . . . . 1 . . . . 1 . 2 . . . Haulers 1 | . . . . . . . . . . . . . . . . . . . . . 1 . . . Recompile 3 | . . . . . . . . . . . . . . 1 . . . . . . 2 . . . Repair Stations 1 | . . . . . . . . . . . . . . . . . . . . . 1 . . . Mechanics 1 | . . . . . . . . . . . . . . . . . . . . . 1 . . . Recycling Units 16 | . 6 . . . 3 . . . . . . . . 2 . . . . 2 . 3 . . . Monitor 1 | . 1 . . . . . . . . . . . . . . . . . . . . . . . Reject 7 | . 2 . . . 2 . . . . . . . . 1 . . . . 1 . 1 . . . Recyclers 2 | . 1 . . . . . . . . . . . . . . . . . . . 1 . . . Mask 6 | . 2 . . . 1 . . . . . . . . 1 . . . . 1 . 1 . . . Scanalyzers . | . . . . . . . . . . . . . . . . . . . . . . . . . Garrison Access 9 | . . . . . 1 . . . . . . . . . . . . . 2 . 6 . . . Broadcast 3 | . . . . . . . . . . . . . . . . . . . 1 . 2 . . . Restock 3 | . . . . . 1 . . . . . . . . . . . . . . . 2 . . . Watchers 3 | . . . . . . . . . . . . . . . . . . . 1 . 2 . . . Data Cores Recovered 1 | . . . . . . . . . 1 . . . . . . . . . . . . . . . Used 1 | . . . . . . . . . 1 . . . . . . . . . . . . . . . Hacking Detections 92 | . 6 . . . 11 . 8 . 4 . . . . 8 15 . . 12 8 . 18 . 2 . Full Trace Events 10 | . 1 . . . . . 1 . . . . . . 3 . . . 1 2 . 2 . . . Feedback Events . | . . . . . . . . . . . . . . . . . . . . . . . . . Feedback Blocked . | . . . . . . . . . . . . . . . . . . . . . . . . . Robot Schematics Acquired 8 | . . . . . . . . . . . . 5 . . . . . . . . . . . 3 Robots Built . | . . . . . . . . . . . . . . . . . . . . . . . . . Authchips . | . . . . . . . . . . . . . . . . . . . . . . . . . Time . | . . . . . . . . . . . . . . . . . . . . . . . . . Total Robot Build Rating . | . . . . . . . . . . . . . . . . . . . . . . . . . Part Schematics Acquired 35 | . . . . . . . 3 . . . . 12 . . 2 . . . 3 . 9 . . 6 Parts Built 10 | . . . . . . . . . . . . . . 4 . . . . 3 . 3 . . . Authchips 1 | . . . . . . . . . . . . . . 1 . . . . . . . . . . Time 470 | . . . . . . . . . . . . . . 281 . . . . 85 . 104 . . . Total Part Build Rating 67 | . . . . . . . . . . . . . . 26 . . . . 21 . 20 . . . Parts Repaired 4 | . . . . . . . . . . . . . . 1 . . . . . . 3 . . . Time 229 | . . . . . . . . . . . . . . 50 . . . . . . 179 . . . Parts Recycled . | . . . . . . . . . . . . . . . . . . . . . . . . . Recycled Matter . | . . . . . . . . . . . . . . . . . . . . . . . . . Retrieved Matter . | . . . . . . . . . . . . . . . . . . . . . . . . . Retrieved Components 10 | . . . . . . . . . . . . . . . . . . . . . 10 . . . Parts Scanalyzed 10 | . . . . . . . 3 . . . . . . . . . . . 2 . 5 . . . Part Schematics Acquired 10 | . . . . . . . 3 . . . . . . . . . . . 2 . 5 . . . Parts Damaged 2 | . . . . . . . . . . . . . . . . . . . 2 . . . . . Bothacking | -11 -10 -10 -10 -9 -8 -8 -7 -7 -7 -7 -7 -7 -6 -6 -6 -6 -6 -6 -5 -5 -5 -4 -3 -3 ------------ Run | Scr Mat Min Exi Min Mat Gar Fac Was Fac Low Low Dat Pro Fac Ext Cet Arc Hub Fac Was Fac Fac Res Tes Used RIF Installer 1 | . . . . . . 1 . . . . . . . . . . . . . . . . . . Robots Hacked 19 | . . . . . . 2 2 6 . . . . . 1 . 1 . 4 2 . 1 . . . Non-combat 10 | . . . . . . . 2 . . . . . . 1 . . . 4 2 . 1 . . . Combat 9 | . . . . . . 2 . 6 . . . . . . . 1 . . . . . . . . Robot Hacks Applied 21 | . . . . . . 2 2 6 . . . . . 1 . 1 . 5 2 . 2 . . . parse_system 1 | . . . . . . . . . . . . . . . . 1 . . . . . . . . no_distress 1 | . . . . . . . . . . . . . . . . . . 1 . . . . . . find_chute 3 | . . . . . . . 1 . . . . . . 1 . . . . 1 . . . . . ignore_repairs 2 | . . . . . . . . . . . . . . . . . . 2 . . . . . . find_fabricator 1 | . . . . . . . . . . . . . . . . . . . 1 . . . . . ignore_parts 2 | . . . . . . . . . . . . . . . . . . 2 . . . . . . find_station 1 | . . . . . . . 1 . . . . . . . . . . . . . . . . . purge_threat 2 | . . . . . . . . . . . . . . . . . . . . . 2 . . . ignore_targets 6 | . . . . . . . . 6 . . . . . . . . . . . . . . . . formatsys_high 2 | . . . . . . 2 . . . . . . . . . . . . . . . . . . Relay Couplers Released 23 | . . . . . 4 13 . . . . . . . . . . . 3 . . 3 . . . Machine Destruction 16 | . . . . . . 13 . . . . . . . . . . . 3 . . . . . . Programmers 7 | . . . . . 4 . . . . . . . . . . . . . . . 3 . . . Attached 6 | . . . . . . 2 . 1 . . . . . . . . . . . 1 2 . . . Fabnet Peak Effective % . | . . . . . . . . . . . . . . . . . . . . . . . . . Robots Rewired 5 | . . . . . . . . . . 1 . . . . 4 . . . . . . . . . Allies Hacked . | . . . . . . . . . . . . . . . . . . . . . . . . . Hacks Repelled . | . . . . . . . . . . . . . . . . . . . . . . . . . Allies | -11 -10 -10 -10 -9 -8 -8 -7 -7 -7 -7 -7 -7 -6 -6 -6 -6 -6 -6 -5 -5 -5 -4 -3 -3 -------- Run | Scr Mat Min Exi Min Mat Gar Fac Was Fac Low Low Dat Pro Fac Ext Cet Arc Hub Fac Was Fac Fac Res Tes Total Allies 29 | . . . . 2 . 2 . 1 . 1 . . . . 21 . . . 1 . 1 . . . Largest Group 10 | . . . . 2 2 1 1 1 . 1 . . . . 10 8 2 . 1 . 1 . . . Highest-Rated Group 384 | . . . . 41 41 16 16 31 . 16 . . . . 384 369 54 . 26 . 10 . . . Highest-Rated Ally 159 | . . . . 31 31 16 16 31 . 16 . . . . 159 159 34 . 26 . 10 . . . Total Orders 10 | . . . . . . 2 . . . . . . . . 4 . . . . . 4 . . . STAY 4 | . . . . . . 1 . . . . . . . . 2 . . . . . 1 . . . FOLLOW 4 | . . . . . . 1 . . . . . . . . 2 . . . . . 1 . . . EXPLORE 2 | . . . . . . . . . . . . . . . . . . . . . 2 . . . Ally Attacks 292 | . . . . 10 3 2 3 107 . 11 . . . . 116 36 4 . . . . . . . Total Damage 5584 | . . . . 130 60 59 14 1744 . 89 . . . . 2572 840 76 . . . . . . . Kills 33 | . . . . 3 . . . 3 . 2 . . . . 17 8 . . . . . . . . Allies Corrupted 1 | . . . . . . . . 1 . . . . . . . . . . . . . . . . Allies Melted . | . . . . . . . . . . . . . . . . . . . . . . . . . Intel | -11 -10 -10 -10 -9 -8 -8 -7 -7 -7 -7 -7 -7 -6 -6 -6 -6 -6 -6 -5 -5 -5 -4 -3 -3 ------- Run | Scr Mat Min Exi Min Mat Gar Fac Was Fac Low Low Dat Pro Fac Ext Cet Arc Hub Fac Was Fac Fac Res Tes Robot Analysis Total 6 | . 2 . . . 2 . 1 . . . . . . . . . . . . . 1 . . . Derelict Logs Recovered 7 | . . 1 . 1 . . . . . 1 2 . 2 . . . . . . . . . . . Drone Launches 2 | . . . . . . . . . . . . . . . . . . . . . 2 . . . Drone Recoveries 1 | . . . . . . . . . . . . . . . . . . . . . 1 . . . Exploration | -11 -10 -10 -10 -9 -8 -8 -7 -7 -7 -7 -7 -7 -6 -6 -6 -6 -6 -6 -5 -5 -5 -4 -3 -3 ------------- Run | Scr Mat Min Exi Min Mat Gar Fac Was Fac Low Low Dat Pro Fac Ext Cet Arc Hub Fac Was Fac Fac Res Tes Turns Passed 47284 | 266 4065 1342 943 1601 6722 2192 2071 461 797 2098 2263 670 1997 2494 3395 374 971 3234 1874 917 4181 543 1570 243 Spaces Moved 19623 | 127 1081 493 392 604 2405 1109 953 179 375 1151 1258 335 1060 1106 1312 117 311 905 661 468 1885 346 705 285 Core 112 | 3 . . . . . . . . . . . . . . . . 1 . . . 108 . . . Treads 18026 | 124 1081 493 392 604 2405 1109 171 113 375 1151 1258 335 1060 1105 1311 117 310 905 661 468 1552 320 596 10 Legs 2 | . . . . . . . . . . . . . . . . . . . . . . . . 2 Wheels 1040 | . . . . . . . 782 66 . . . . . 1 1 . . . . . 81 . 109 . Hover 273 | . . . . . . . . . . . . . . . . . . . . . . . . 273 Flight 170 | . . . . . . . . . . . . . . . . . . . . . 144 26 . . Fastest Speed 23 | 50 160 240 240 240 160 160 155 140 160 160 160 160 160 160 166 180 180 180 180 180 45 45 95 23 Average Speed 192 | 157 232 240 240 240 233 182 170 210 160 160 160 162 160 177 233 209 217 267 209 180 161 138 141 48 Slowest Speed 2450 | 160 240 240 240 240 240 240 240 240 240 160 240 240 160 249 255 270 2450 360 270 270 270 145 160 160 Overloaded Moves . | . . . . . . . . . . . . . . . . . . . . . . . . . Propulsion Burnouts . | . . . . . . . . . . . . . . . . . . . . . . . . . Robots Hopped 7 | . . . . . . . . . . . . . . . . . . . . . 7 . . . Cave-ins Triggered 1 | . . . . . . . . . . . . . . . . . . . . . . . 1 . Exploration Rate (%) 61 | 10 95 77 71 79 91 86 15 76 12 94 92 80 90 25 82 52 97 81 21 97 45 7 20 48 Regions Visited 24 Branch Regions 12 Pre-discovered Areas 7 | . . 2 1 1 . . . . . . 1 1 1 . . . . . . . . . . . Known Exits Taken 10 | . . . . . 1 . . . 1 1 1 1 1 1 1 . . 1 . . 1 . . . Unknown Exits Taken 9 | 1 1 1 1 1 . . . . . . . . . . . 1 1 . . . . 1 1 . Scrap Searched 18 | . . 1 . 2 . . . . . 11 3 . 1 . . . . . . . . . . . Spaces Dug 225 | . 5 . . . 17 11 10 . 4 23 3 . 55 19 5 . . 6 17 . 44 . 6 . Terrain Destroyed 1420 | . 5 12 . . 37 31 10 . 4 145 3 . 133 20 5 . 5 682 76 2 238 2 6 4 Melee 147 | . 5 . . . 3 . 10 . 4 23 3 . 13 19 5 . . 6 16 . 34 . 6 . Projectile 127 | . . 1 . . . . . . . . . . . . . . 2 31 23 2 66 2 . . AOE 1136 | . . 11 . . 34 31 . . . 122 . . 120 . . . . 640 37 . 137 . . 4 Terrain Rammed . | . . . . . . . . . . . . . . . . . . . . . . . . . Walls Destroyed . | . . . . . . . . . . . . . . . . . . . . . . . . . Machines Disabled . | . . . . . . . . . . . . . . . . . . . . . . . . . Actions | -11 -10 -10 -10 -9 -8 -8 -7 -7 -7 -7 -7 -7 -6 -6 -6 -6 -6 -6 -5 -5 -5 -4 -3 -3 --------- Run | Scr Mat Min Exi Min Mat Gar Fac Was Fac Low Low Dat Pro Fac Ext Cet Arc Hub Fac Was Fac Fac Res Tes Total 26770 | 159 2522 565 396 739 3214 1227 1283 243 564 1345 1502 427 1295 1562 1618 209 538 1470 998 529 2572 401 1022 370 Wait 4210 | 2 1199 13 . 96 471 16 206 . 159 87 227 22 173 247 132 14 159 339 163 . 337 23 111 14 Move 19592 | 126 1080 492 391 603 2404 1108 953 178 374 1150 1257 334 1059 1105 1311 116 310 904 661 467 1874 346 704 285 Hop 3 | . . . . . . . . . . . . . . . . . . . . . 3 . . . Pick Up 222 | 5 23 2 3 6 37 19 9 5 3 3 3 5 2 11 7 12 5 12 11 6 17 5 8 3 Fast Attach 344 | 7 4 . . 5 37 5 5 6 5 8 4 7 3 27 25 10 7 28 19 18 43 15 32 24 Attach 115 | 1 1 7 . 5 16 3 6 2 4 . . 5 2 12 2 4 5 5 13 . 11 1 9 1 Detach 79 | 1 4 . 2 1 11 3 1 2 . . . 5 1 8 2 4 5 3 7 2 7 2 5 3 Swap 202 | . 12 4 . 1 16 10 7 11 . 18 . 3 11 18 14 5 1 16 16 4 32 . 2 1 Drop 417 | . 12 1 . 10 54 20 8 16 7 11 7 7 3 29 37 21 10 41 23 24 32 4 19 21 Fire 667 | 15 42 33 . 5 119 4 . 17 . 20 . . 9 8 . 21 36 101 62 5 130 4 34 2 Melee 640 | . 7 9 . . 37 29 88 6 11 32 4 35 32 93 48 2 . 6 19 3 73 . 97 9 Ram 2 | . . . . . . . . . . . . . . . . . . . . . 2 . . . Kick . | . . . . . . . . . . . . . . . . . . . . . . . . . Crush 75 | 2 13 4 . 7 12 . . . 1 . . . . 4 . . . 15 4 . 11 1 1 . Escape Stasis 29 | . . . . . . 8 . . . . . . . . 14 . . . . . . . . 7 Rewire 44 | . . . . . . 2 . . . 16 . . . . 26 . . . . . . . . . Trap 129 | . 125 . . . . . . . . . . 4 . . . . . . . . . . . . Miscellaneous . | . . . . . . . . . . . . . . . . . . . . . . . . . Route ------- -11/Scrapyard -10/Materials (discovered 5 exits: [*Mat x3] / [*Min x2]) -10/Mines (discovered 2 exits: [*Mat] / *Exi) -10/Exiles (discovered 2 exits: *Min x2) -9/Mines (discovered 2 exits: *Mat x2) -8/Materials (discovered 4 exits: *Fac x3 / Gar) -8/Garrison (discovered 3 exits: *Fac x3) -7/Factory -7/Waste -7/Factory (discovered 4 exits: Sto x2 / *Low x2) -7/Lower Caves -7/Lower Caves (discovered 2 exits: Fac / *Dat) -7/Data Miner -6/Proximity Caves -6/Factory (discovered 2 exits: *Low / *Ext) -6/Extension (discovered 3 exits: *Fac x2 / *Cet) -6/Cetus -6/Archives (discovered 3 exits: *Fac / *Hub x2) -6/Hub_04(d) (discovered 4 exits: *Fac x4) -5/Factory (discovered 3 exits: *Fac / Upp x2) -5/Waste -5/Factory (discovered 6 exits: *Fac x4 / *Upp x2) -4/Factory -3/Research -3/Testing History --------- Turn | Location | Event 6 | -11/Scrapyard | Discovered new exit (range 16) 267 | -11/Scrapyard | Entered Materials 306 | -10/Materials | Build established: Mutant 784 | -10/Materials | Discovered new exit (range 13) 794 | -10/Materials | Central database locked down 1641 | -10/Materials | Discovered new exit (range 15) 1697 | -10/Materials | Discovered new exit (range 11) 2727 | -10/Materials | Discovered new exit (range 6) 2975 | -10/Materials | Discovered new exit (range 12) 3847 | -10/Materials | Build established: Trapper-Mutant 4332 | -10/Materials | Entered Mines 4690 | -10/Mines | Discovered new exit (range 5) 4944 | -10/Mines | Deemed a non-threat by the Exiles lab entrance 4947 | -10/Mines | Discovered new exit (range 5) 5341 | -10/Mines | Learned location of Storage (-7) 5432 | -10/Mines | Assembled infested the area 5561 | -10/Mines | Core integrity fell below 50% 5600 | -10/Mines | Lost 3 parts (1u2w) 5674 | -10/Mines | Entered Exiles 5708 | -10/Exiles | Discovered new exit (range 15) 5783 | -10/Exiles | Met 8R-AWN 5817 | -10/Exiles | Met EX-HEX 5889 | -10/Exiles | Met EX-BIN 5923 | -10/Exiles | Met EX-DEC 5932 | -10/Exiles | Learned location of Zion (-6) 6100 | -10/Exiles | Aligned with FarCom system 6103 | -10/Exiles | Given EX-Vault access code 6160 | -10/Exiles | Opened EX-Vault 6182 | -10/Exiles | Found Cloak of Protection 6231 | -10/Exiles | Warned to stay clear of 0b10 Research branches 6598 | -10/Exiles | Discovered new exit (range 10) 6617 | -10/Exiles | Left Exiles lab with Cloak of Protection 6617 | -10/Exiles | Entered Mines 6724 | -9/Mines | Found a hidden stash of uninstalled traps 6987 | -9/Mines | Received a Rocket Launcher from a helpful Derelict 7060 | -9/Mines | A weapon hastily lodged in a ceiling crevice suddenly fell to the ground 7193 | -9/Mines | Discovered new exit (range 5) 7237 | -9/Mines | Found a damaged Exp. Sensor Array with a note attached 7242 | -9/Mines | Found Prototype Device 7242 | -9/Mines | Identified Exp. Sensor Array 7303 | -9/Mines | Met a Derelict shopkeep closing up shop 8028 | -9/Mines | Discovered new exit (range 7) 8218 | -9/Mines | Entered Materials 8218 | -8/Materials | Accompanied by 2 allies 8218 | -8/Materials | Evolved 4 slots: Propulsion x2, Utility x2 8223 | -8/Materials | Led the pair of lost Derelicts to an unsafe place 8863 | -8/Materials | Discovered new exit (range 10) 10271 | -8/Materials | Garrison activated, responded to threat 11218 | -8/Materials | Discovered new exit (range 14) 12457 | -8/Materials | Discovered new exit (range 8) 13356 | -8/Materials | Build established: Mutant 13946 | -8/Materials | Identified exit to Garrison 14940 | -8/Materials | Entered Garrison 15078 | -8/Garrison | Triggered checkpoint 15080 | -8/Garrison | Triggered checkpoint 15148 | -8/Garrison | Discovered new exit (range 8) 15204 | -8/Garrison | Triggered checkpoint 15259 | -8/Garrison | Discovered new exit (range 13) 15416 | -8/Garrison | Discovered new exit (range 15) 15453 | -8/Garrison | Installed Relay Interface Framework 15498 | -8/Garrison | Triggered checkpoint 15549 | -8/Garrison | Garrison Relay disabled 15728 | -8/Garrison | Triggered checkpoint 15795 | -8/Garrison | Garrison Relay disabled 15910 | -8/Garrison | Triggered checkpoint 15926 | -8/Garrison | Garrison Relay disabled 16072 | -8/Garrison | Triggered checkpoint 16096 | -8/Garrison | Triggered checkpoint 16119 | -8/Garrison | Garrison Relay disabled 17132 | -8/Garrison | Entered Factory 17132 | -7/Factory | Accompanied by 1 ally 17132 | -7/Factory | Evolved 2 slots: Utility x1, Weapon x1 17325 | -7/Factory | Build established: Bothacker-Mutant 19203 | -7/Factory | Sucked down chute 19203 | -7/Factory | Entered Waste 19204 | -7/Waste | Met a frightened Derelict 19217 | -7/Waste | Spotted C-40 Crusher 19218 | -7/Waste | EMP discharged 19218 | -7/Waste | System corruption reached 10% 19261 | -7/Waste | Spotted C-40 Crusher 19265 | -7/Waste | Spotted C-40 Crusher 19272 | -7/Waste | Spotted C-40 Crusher 19279 | -7/Waste | Spotted C-40 Crusher 19279 | -7/Waste | Spotted C-40 Crusher 19318 | -7/Waste | EMP discharged 19341 | -7/Waste | Destroyed C-40 Crusher 19349 | -7/Waste | Found Damper Plating 19353 | -7/Waste | Allies destroyed C-40 Crusher 19381 | -7/Waste | Destroyed C-40 Crusher 19418 | -7/Waste | EMP discharged 19426 | -7/Waste | Found Damper Plating 19455 | -7/Waste | Allies destroyed C-40 Crusher 19497 | -7/Waste | Allies destroyed C-40 Crusher 19518 | -7/Waste | EMP discharged 19618 | -7/Waste | EMP discharged 19629 | -7/Waste | Build established: Scavenger-Mutant 19640 | -7/Waste | Discovered new exit (range 11) 19664 | -7/Waste | Entered Factory 19709 | -7/Factory | Identified exit to Storage 19709 | -7/Factory | Identified exit to Lower Caves 19985 | -7/Factory | Build established: Mutant 20461 | -7/Factory | Entered Lower Caves 20820 | -7/Lower Caves | Build established: Scavenger-Mutant 20876 | -7/Lower Caves | Learned Factory non-interactive machine intel 21598 | -7/Lower Caves | Attracted the attention of an 0b10 outpost 22115 | -7/Lower Caves | Discovered new exit (range 6) 22123 | -7/Lower Caves | Identified exit to Lower Caves 22559 | -7/Lower Caves | Entered another Lower Caves area 22820 | -7/Lower Caves | Encountered a Warlord checkpoint 23785 | -7/Lower Caves | Identified exit to Factory 23786 | -7/Lower Caves | Discovered new exit (range 6) 23793 | -7/Lower Caves | Identified exit to Data Miner 24822 | -7/Lower Caves | Entered Data Miner 24822 | -7/Data Miner | Discovered new exit (range 6) 24856 | -7/Data Miner | Met Data Miner 24888 | -7/Data Miner | Learned location of Section 7 (-2) 24888 | -7/Data Miner | Acquired the access code to Warlord's prototype stash 24912 | -7/Data Miner | Received God Mode back door access code from Data Miner 25141 | -7/Data Miner | Data Conduit disabled 25351 | -7/Data Miner | Found Prototype Device 25351 | -7/Data Miner | Identified Exp. Thermal Shield 25490 | -7/Data Miner | Identified exit to Proximity Caves 25492 | -7/Data Miner | Entered Proximity Caves 25648 | -6/Proximity Caves | Build established: Mutant 25980 | -6/Proximity Caves | Build established: Scavenger-Mutant 26301 | -6/Proximity Caves | Spotted B-75 Beast 27025 | -6/Proximity Caves | Learned Factory trap positions 27094 | -6/Proximity Caves | Discovered exit to Factory (range 8) 27109 | -6/Proximity Caves | Build established: Mutant 27489 | -6/Proximity Caves | Entered Factory 27489 | -6/Factory | Evolved 2 slots: Utility x2 27490 | -6/Factory | Loaded intel: 126 trap records 27491 | -6/Factory | Loaded intel: 203 non-interactive machine locations 27608 | -6/Factory | Discovered new exit (range 8) 27619 | -6/Factory | Identified exit to Lower Caves 27904 | -6/Factory | Fabricated Hyp. Coil Gun (x2) 28264 | -6/Factory | Build established: Scavenger-Mutant 29401 | -6/Factory | Fabricated Hvy. Siege Treads? 29674 | -6/Factory | Repaired Lyr. Medium Armor Plating 29935 | -6/Factory | Build established: Mutant 29956 | -6/Factory | Discovered new exit (range 12) 29981 | -6/Factory | Identified exit to Extension 29983 | -6/Factory | Entered Extension 30285 | -6/Extension | Rescued a captive Derelict 30285 | -6/Extension | Rescued a captive Derelict 31047 | -6/Extension | Rescued a captive Derelict 31072 | -6/Extension | Rescued a captive Derelict 31105 | -6/Extension | Rescued a captive Derelict 31106 | -6/Extension | Rescued a captive Derelict 31132 | -6/Extension | Rescued a captive Derelict 31134 | -6/Extension | Rescued a captive Derelict 31752 | -6/Extension | Build established: Commander-Mutant 31882 | -6/Extension | Spotted B-75 Beast 31891 | -6/Extension | Spotted B-75 Beast 31897 | -6/Extension | Allies destroyed B-75 Beast 31952 | -6/Extension | Destroyed B-75 Beast 32112 | -6/Extension | Discovered new exit (range 3) 32249 | -6/Extension | Rescued a captive Derelict 32254 | -6/Extension | Build established: Scavenger-Mutant 32314 | -6/Extension | Rescued a captive Derelict 32416 | -6/Extension | Rescued a captive Derelict 32470 | -6/Extension | Rescued a captive Derelict 32526 | -6/Extension | Rescued A7 32633 | -6/Extension | Disrupted transfer network 32644 | -6/Extension | Rescued a captive Derelict 32757 | -6/Extension | Rescued a captive Derelict 32779 | -6/Extension | Central database locked down 32779 | -6/Extension | Identified exit to Cetus 32802 | -6/Extension | Rescued a captive Derelict 32849 | -6/Extension | Discovered new exit (range 10) 33378 | -6/Extension | Entered Cetus 33378 | -6/Cetus | Accompanied by 8 allies (A7) 33383 | -6/Cetus | Acquired a Cetus Manufacturing Module code from A7 33406 | -6/Cetus | Spotted Cetus Guard 33408 | -6/Cetus | Destroyed Cetus Guard 33414 | -6/Cetus | Destroyed Cetus Guard 33414 | -6/Cetus | Spotted Cetus Guard 33418 | -6/Cetus | Spotted Cetus Guard 33424 | -6/Cetus | Allies destroyed Cetus Guard 33428 | -6/Cetus | Allies destroyed Cetus Guard 33642 | -6/Cetus | Destroyed A7 33651 | -6/Cetus | Extracted ID and sensor layout for unrecognized location from A7's data core 33680 | -6/Cetus | Found Med. Regenerative Plating 33725 | -6/Cetus | Discovered new exit (range 16) 33752 | -6/Cetus | Entered Archives 33752 | -6/Archives | Accompanied by 2 allies 33990 | -6/Archives | Discovered new exit (range 16) 34026 | -6/Archives | Discovered new exit (range 14) 34183 | -6/Archives | Discovered new exit (range 13) 34723 | -6/Archives | Entered Hub_04(d) 34745 | -6/Hub_04(d) | Identified exit to Factory 35216 | -6/Hub_04(d) | Build established: Scavenger-Tank 37303 | -6/Hub_04(d) | Network Hub disabled 37311 | -6/Hub_04(d) | Spotted Lightning 37313 | -6/Hub_04(d) | Spotted Lightning 37315 | -6/Hub_04(d) | Spotted Lightning 37320 | -6/Hub_04(d) | Destroyed Lightning 37326 | -6/Hub_04(d) | Destroyed Lightning 37339 | -6/Hub_04(d) | Destroyed Lightning 37359 | -6/Hub_04(d) | Found Prototype Device 37359 | -6/Hub_04(d) | Identified Exp. EM Disruption Field 37444 | -6/Hub_04(d) | Found Prototype Device 37444 | -6/Hub_04(d) | Identified Exp. Phase Shifter 37463 | -6/Hub_04(d) | Found Prototype Energy Cannon 37463 | -6/Hub_04(d) | Identified EMDS 37512 | -6/Hub_04(d) | Found Exp. EM Disruption Field 37521 | -6/Hub_04(d) | Found Prototype Processor 37601 | -6/Hub_04(d) | Build established: Scavenger-Skirmisher 37603 | -6/Hub_04(d) | Network Hub disabled 37833 | -6/Hub_04(d) | Network Hub disabled 37873 | -6/Hub_04(d) | First assault squad dispatched 37918 | -6/Hub_04(d) | Network Hub disabled 37924 | -6/Hub_04(d) | Spotted Lightning 37957 | -6/Hub_04(d) | Entered Factory 37957 | -5/Factory | Evolved 2 slots: Utility x1, Weapon x1 38257 | -5/Factory | First assault squad dispatched 38619 | -5/Factory | Build established: Scavenger-Tank 38644 | -5/Factory | Identified exit to Upper Caves 38731 | -5/Factory | Discovered new exit (range 15) 39244 | -5/Factory | Build established: Scavenger-Mutant 39439 | -5/Factory | Fabricated Hvy. Siege Treads? 39599 | -5/Factory | Fabricated Adv. KE Penetrator (x1) 39662 | -5/Factory | Destroyed 7 combat bots 39831 | -5/Factory | Sucked down chute 39831 | -5/Factory | Entered Waste 39831 | -5/Waste | The area was eerily silent 39893 | -5/Waste | Found Prototype Device 39893 | -5/Waste | Identified Imp. Particle Accelerator 39955 | -5/Waste | Build established: Hacker-Mutant 40074 | -5/Waste | Found Unknown Piercing Weapon 40074 | -5/Waste | Identified Enh. Force Lance 40123 | -5/Waste | Found Prototype Reactor 40138 | -5/Waste | Discovered new exit (range 13) 40247 | -5/Waste | Found Damper Plating 40748 | -5/Waste | Entered Factory 40784 | -5/Factory | Discovered new exit (range 20) 40952 | -5/Factory | Repaired Adv. KE Penetrator? 41036 | -5/Factory | Repaired Broken Adv. KE Penetrator? 41248 | -5/Factory | Identified Vortex Chain Reactor 41248 | -5/Factory | Identified Exp. Targeting Computer 41418 | -5/Factory | Repaired Broken Centrium Heavy Treads 41641 | -5/Factory | Fabricated Hyp. Coil Gun? 42171 | -5/Factory | Build established: Scavenger-Skirmisher 42605 | -5/Factory | Garrison activated, responded to threat 43284 | -5/Factory | Found Prototype Launcher 43284 | -5/Factory | Identified Tesla Bomb Launcher 43355 | -5/Factory | Spotted B-75 Beast 43951 | -5/Factory | Fabricated Centrium Heavy Treads (x1) 44001 | -5/Factory | Found Unknown Protection 44001 | -5/Factory | Identified Hvy. Reflective Plating 44023 | -5/Factory | System corruption reached 10% 44048 | -5/Factory | First assault squad dispatched 44156 | -5/Factory | Lost 7 parts (1n1u5w) 44163 | -5/Factory | Destroyed 8 combat bots 44480 | -5/Factory | Lost 4 parts (2u2w) 44601 | -5/Factory | Lost 3 parts (1n2w) 44701 | -5/Factory | Core integrity fell below 50% 44759 | -5/Factory | Build established: Hacker-Mutant 44787 | -5/Factory | Released all parts (4) 44790 | -5/Factory | Core integrity fell below 20% 44837 | -5/Factory | Lost 7 parts (2n4u1w) 44890 | -5/Factory | Identified exit to Factory 44929 | -5/Factory | Entered another Factory area 44929 | -4/Factory | Evolved 2 slots: Propulsion x2 45460 | -4/Factory | First assault squad dispatched 45461 | -4/Factory | Discovered new exit (range 8) 45472 | -4/Factory | Entered Research 45472 | -3/Research | Evolved 2 slots: Power x1, Utility x1 45730 | -3/Research | Garrison activated, responded to threat 45796 | -3/Research | Lost 5 parts (1p1n3u) 45972 | -3/Research | First assault squad dispatched 46421 | -3/Research | Crushed by falling debris 46424 | -3/Research | Build established: Scavenger-Mutant 46764 | -3/Research | Core integrity fell below 50% 46969 | -3/Research | System corruption reached 10% 47007 | -3/Research | Lost 4 parts (2n1u1w) 47021 | -3/Research | Found Quantum Capacitor 47036 | -3/Research | Discovered new exit (range 4) 47042 | -3/Research | Entered Testing 47043 | -3/Testing | Maximum security lockdown engaged 47057 | -3/Testing | Found Prototype Slashing Weapon 47057 | -3/Testing | Identified Molecular Scythe 47098 | -3/Testing | Found Prototype Launcher 47098 | -3/Testing | Identified Z-bomb Delivery System 47140 | -3/Testing | Found Prototype Energy Gun 47140 | -3/Testing | Identified Tachyon Dispersion Ray 47160 | -3/Testing | Found Prototype Energy Cannon 47160 | -3/Testing | Identified Disintegrator 47273 | -3/Testing | Spotted Investigator 47273 | -3/Testing | Spotted Executioner 47273 | -3/Testing | Spotted Striker 47275 | -3/Testing | Scanned by Researcher 47277 | -3/Testing | Destroyed Investigator 47280 | -3/Testing | Released all parts (10) 47283 | -3/Testing | Core integrity fell below 20% 47285 | -3/Testing | Destroyed by G-67 Veteran with Plasma Rifle Last Messages --------------- 47282_ I-47 Archangel stasis bubble strength at 80. 47283_ Chain reaction triggered in Unknown Reactor. 47283_ G-67 Veteran destroyed. 47283_ L-61 Swordsman destroyed. 47283_ P-80 Master destroyed. 47283_ Chain reaction triggered in Lgt. Antimatter Reactor. 47283_ H-77 Assassin destroyed. 47283_ Stasis bubble strength at 162. 47283_ Penetrated by Slug. 47283_ M-36 Artificer stasis bubble strength at 70. 47283_ L-61 Swordsman stasis bubble bursts. 47283_ I-47 Archangel stasis bubble strength at 70. 47284_ Knocked back. 47284_ G-73 Enforcer suffers critical hit (Burn). 47284_ Slug penetrates B-74 Champion. 47284_ Critical hit (Burn: +18). 47284_ Stasis bubble strength at 156. 47284_ M-36 Artificer stasis bubble strength at 60. 47284_ I-47 Archangel stasis bubble strength at 60. 47285_ Acquired 4 matter. Map ----- +----------------------------------------------------+ | ?????????????????????????????????????????????????? | | ?????????????????????????????????????????????????? | | ?????????????????????????????????????????????????? | | ?????????????????????????????????????????????????? | | ?????????????????????????????????????????????????? | | ?????????????????????????????????????????????????? | | ?????????????????????????????????????????????????? | | ?????????????????????????????????????????????????? | | ?????????????????????????????????????????????????? | | ?????????????????????????????????????????????????? | | ?????????????????????????????????????????????????? | | ?????????????????????????????????????????????????? | | ?????????????????????????????????????????????????? | | ?????????????????????????????????????????????????? | | ?????????????????????##########????Y?????????????? | | ????????????????????? ????Y?Y????????????? | | ?????????????????????# ?? ?Y?????????????? | | ?????????????????????# e||| """ ??????????????? | | ?????????????????????# ||| """ ???????????????? | | ???????????????????### || """ ????????????????? | | ??????????????????## | ?????????????????? | | ??????????????????# m%= g""" #?????????????? | | ?????????????????## =%[ """ #?????????????? | | ?????????????????# !K=! """ #?????????????? | | ?????????????????# = E hi #?????????????? | | ?????????????????## ]!b@ g""" #?????????????? | | ???????? ######## l * " """ T"????????????? | | ???????? g %%lgghg" """% ""????????????? | | ???????? ! mg gii %% #?????????????? | | ???????? =h lg "l""" #?????????????? | | ???????? = g""" """ #?????????????? | | ?????????##+########## """l""" #?????????????? | | ?????????????????????# m l #?????????????? | | ?????????????????????# """ """ #?????????????? | | ?????????????????????# g""" """ #?????????????? | | ?????????????????????# """g""" #?????????????? | | ?????????????????????# #?????????????? | | ?????????????????????# """ """ +?????????????? | | ?????????????????????# """" """ ! #?????????????? | | ?????????????????????#"%""" """ #?????????????? | | ?????????????????????# " g b #?????????????? | | ?????????????????????# """b"""w #?????????????? | | ?????????????????????# """ """ #?????????????? | | ?????????????????????# """ """ #?????????????? | | ?????????????????????+ #?????????????? | | ?????????????????????# """ """ #?????????????? | | ?????????????????????? """"""" ###?????????????? | | ?????????????????????# """%""" #???????????????? | | ??????????????? " /#???????????????? | | ??????????????? """ """ #???????????????? | +----------------------------------------------------+ Best States ------------- Heat Dissipation 87 Energy Generation 41 Energy Capacity 1170 Matter Stores 300 Matter Capacity 300 Sight Range 18 Robot Scan Range 20 Terrain Scan Range 16 Terrain Scan Density 110 Power Amplification 40 Armor Coverage 3650 Resistance: KI 25 Resistance: TH 30 Resistance: EM 90 Utility Shielding 90 Weapon Cycling 20 Melee Speed Boost 40 Evasion (%) 61 Targeting Accuracy 6 Melee Accuracy 6 Target Analysis 12 Armor Integrity Analysis 30 Recoil Reduction 6 Energy Filtering 30 Salvage Targeting 2 Offensive Hacking 52 Defensive Hacking 14 Relay Coupler Types 1 Relay Coupler Value 48 Authchip Count 2 Trap Extractor Capacity 8 Item Schematics ----------------- System Restoration Module | -7/Factory | Scanalyzed Imp. Treads | -7/Factory | Scanalyzed Minigun | -7/Factory | Scanalyzed Combat Drone Bay | -7/Data Miner | Free Lgt. Regenerative Plating | -7/Data Miner | Free Cld. Aerolev Unit | -7/Data Miner | Free Gravity Neutralizer | -7/Data Miner | Free Force Rifle | -7/Data Miner | Free Linear Gravjet | -7/Data Miner | Free Imp. Weapon Cycler | -7/Data Miner | Free Imp. Remote Datajack | -7/Data Miner | Free Imp. Trap Scanner | -7/Data Miner | Free Hyp. Coil Gun | -7/Data Miner | Free Hvy. Siege Treads | -7/Data Miner | Free Quantum Capacitor | -7/Data Miner | Free Imp. Utility Shielding | -6/Extension | Hacked Hardcell Cannon | -6/Extension | Hacked Cmb. Antigrav System | -5/Factory | Hacked Centrium Heavy Treads | -5/Factory | Scanalyzed Adv. KE Penetrator | -5/Factory | Scanalyzed Exp. Utility Shielding | -5/Factory | Hacked Cmb. Linear Gravjet | -5/Factory | Scanalyzed Enh. Force Lance | -5/Factory | Scanalyzed Exp. Phase Shifter | -5/Factory | Scanalyzed Vortex Chain Reactor | -5/Factory | Scanalyzed Adv. Cloaking Device | -5/Factory | Scanalyzed Lrn. Tractor Beam | -5/Factory | Hacked Graphene Brace | -5/Factory | Hacked Imp. Remote Force Field | -5/Factory | Hacked Adv. Energy Well | -3/Testing | Archive Com. Tesla Bomb Launcher | -3/Testing | Archive Exp. Heat Sink | -3/Testing | Archive Prc. Phase Gun | -3/Testing | Archive Plasma Lance | -3/Testing | Archive Imp. Energy Mantle | -3/Testing | Archive Robot Schematics ------------------ H-66 Slayer | -7/Data Miner | Free L-41 Fighter | -7/Data Miner | Free B-48 Gladiator | -7/Data Miner | Free M-28 Smith | -7/Data Miner | Free S-27 Virus | -7/Data Miner | Free A-15 Conveyor | -3/Testing | Archive L-61 Swordsman | -3/Testing | Archive M-30 Cleanser | -3/Testing | Archive Fabricated ------------ Hyp. Coil Gun | x2 | -6/Factory Hvy. Siege Treads | x2 | -6/Factory | Authchip Hvy. Siege Treads | x2 | -5/Factory Adv. KE Penetrator | x1 | -5/Factory Hyp. Coil Gun | x2 | -5/Factory Centrium Heavy Treads | x1 | -5/Factory Alien Tech Used ----------------- None Achievements -------------- Hehehe Challenges ------------ None Game ------ Seed MeleeHelicalArmor Manual? 0 Play Time 08:51:56 Cumulative 473.3 hours Start 2022.06.05 @ 21:40:23 End 2022.06.14 @ 02:45:47 Sessions 19 Manual Loads 0 Difficulty Rogue Special Mode None Game No. 40 Rogue 35 Adventurer 5 Explorer 0 Win Type - Total 20 Types 6/4/3/0/3/1/2/0/1 Lore% 79 Gallery% 89 Achievement% 80 Wizard Run 0 Options --------- ASCII 0 Keyboard 1 Movement Arrows Keybinds 0 Fullscreen 2 Font 18/SmallcapsGlow Map View 76x50 Tactical HUD 1 Map Filters NONE Filters NONE Steam 1 RUN: 7bce6b0f-2b74-4e00-820c-ccd901b737e1